 Dungeon Crawl Stone Soup version 0.21.1-1-g345015fe64 (webtiles) character file.

62 Ivernyr the Charmwright (level 3, -8/28 HPs)
             Began as a Demonspawn Skald on May 1, 2018.
             Mangled by Thargor's ghost (9 damage)
             ... on level 3 of the Dungeon.
             The game lasted 00:05:45 (2033 turns).

Ivernyr the Charmwright (Demonspawn Skald)          Turns: 2033, Time: 00:05:45

Health: -8/28      AC:  4    Str: 11    XL:     3   Next: 85%
Magic:  5/6        EV: 12    Int: 14    God:
Gold:   53         SH:  0    Dex: 13    Spells: 1/6 levels left

rFire    . . .     SeeInvis .   a - +0 falchion
rCold    . . .     Gourm    .   (no shield)
rNeg     . . .     Faith    .   b - +0 leather armour
rPois    .         Spirit   .   (no helmet)
rElec    .         Reflect  .   l - +0 cloak
rCorr    .         Harm     .   (no gloves)
MR       .....                  (no boots)
Stlth    ++........             (no amulet)
HPRegen  0.09/turn              g - ring of stealth
MPRegen  0.10/turn              (no ring)

@: no status effects
A: claws 1, powered by death 1
a: no special abilities


You were on level 3 of the Dungeon.
You were not hungry.

You visited 1 branch of the dungeon, and saw 4 of its levels.

You collected 53 gold pieces.

Inventory:

Hand Weapons
 a - a +0 falchion (weapon)
Armour
 b - a +0 leather armour (worn)
 l - a +0 cloak (worn)
Jewellery
 g - a ring of stealth (left claw)
Scrolls
 e - a scroll of enchant weapon {unknown}
 f - 2 scrolls of magic mapping {unknown}
 h - 2 scrolls of identify {unknown}
 m - 3 scrolls of amnesia {unknown}
Potions
 i - a potion of degeneration {unknown}
 k - a potion of heal wounds {unknown}
 n - a potion of curing {unknown}
Books
 c - a book of Battle

   Spells                             Type                      Level
   a - Infusion                       Charms                       1
   b - Shroud of Golubria             Charms/Translocation         2
   c - Song of Slaying                Charms                       2
   d - Spectral Weapon                Hexes/Charms                 3
   e - Regeneration                   Charms/Necromancy            3
Comestibles
 d - 6 rations


   Skills:
 + Level 2.5 Fighting
 + Level 2.3 Long Blades
 * Level 2.2 Armour
 - Level 1.7 Dodging
 - Level 2.0 Spellcasting
 + Level 3.1 Charms


You had one spell level left.
You knew the following spells:

 Your Spells              Type           Power        Failure   Level  Hunger
a - Shroud of Golubria    Chrm/Tloc      #.........   26%         2    ###....
b - Song of Slaying       Chrm           ##......     13%         2    ###....
c - Infusion              Chrm           ##..         9%          1    ##.....


Dungeon Overview and Level Annotations

Branches:
Dungeon (4/15)
 Temple: D:4-7

Altars:
Zin

Annotations:
D:3 Thargor's ghost, amateur MiFi


Innate Abilities, Weirdness & Mutations

You have sharp fingernails.
You regenerate a little health from kills.


Message History

You hit Thargor's ghost.
Thargor's ghost is lightly damaged.
Thargor's ghost misses you. Thargor's ghost barely misses you.
You hit Thargor's ghost but do no damage.
Thargor's ghost is lightly damaged.
Thargor's ghost misses you.
You hit Thargor's ghost but do no damage.
Thargor's ghost is lightly damaged.
Thargor's ghost hits you!
Ouch! That really hurt!
* * * LOW HITPOINT WARNING * * *
You hit Thargor's ghost but do no damage.
Thargor's ghost is lightly damaged.
Thargor's ghost misses you.
You riposte.
You hit Thargor's ghost but do no damage.
Thargor's ghost is lightly damaged.
You hit Thargor's ghost.
Thargor's ghost is moderately damaged.
Thargor's ghost hits you!
You die...

#.# #.# #
#.######.##
#.........#
...#####.....##
#...........#
#.###.#######
###........
#..@#######
#.#W# #.#.#
#.#.#
###+#+#'##
#........#
#........#
#........#
#........#


You could see Thargor's ghost.

Vanquished Creatures
  3 adders (D:2)
  2 dart slugs (D:1)
  2 giant cockroaches
  3 goblins
  4 hobgoblins
  4 jackals
  3 bats
  2 frilled lizards (D:1)
  2 kobolds
  8 rats
33 creatures vanquished.

Notes
Turn   | Place    | Note
-------+----------+-------------------------------------------
     0 | D:1      | Ivernyr the Demonspawn Skald began the quest for the Orb.
     0 | D:1      | Reached XP level 1. HP: 16/16 MP: 3/3
    69 | D:1      | Found a glowing silver altar of Zin.
   151 | D:1      | Reached skill level 1 in Armour
   209 | D:1      | Gained mutation: You have sharp fingernails. [demonic ancestry]
   209 | D:1      | Reached XP level 2. HP: 9/22 MP: 0/5
   438 | D:1      | Learned a level 2 spell: Song of Slaying
   441 | D:1      | Learned a level 2 spell: Shroud of Golubria
  1352 | D:2      | Found a faded altar of an unknown god.
  1358 | D:2      | Gained mutation: You regenerate a little health from kills. [demonic ancestry]
  1358 | D:2      | Reached XP level 3. HP: 22/28 MP: 6/6
  1384 | D:2      | Reached skill level 3 in Charms
  1968 | D:2      | You fall through a shaft for 2 floors!
  2018 | D:3      | Noticed Thargor's ghost (amateur MiFi)
  2031 | D:3      | HP: 1/28 [Thargor's ghost (14)]
  2033 | D:3      | Mangled by Thargor's ghost

Skill      XL: |  1  2  3 |
---------------+----------+-----
Armour         | 1 2 |  2.2
Long Blades    | 2 |  2.3
Charms         | 3 |  3.1
Fighting       | |  2.5
Dodging        | |  1.7
Spellcasting   | |  2.0

Action                   || total
-------------------------++-------
Melee: Falchion          ||    93
 Cast: Infusion          ||     1
       Shroud of Golubri ||     4
 Stab: Sleeping          ||     1
  Eat: Chunk             ||     4
Armor: Leather armour    ||    26
Dodge: Dodged            ||    83
       Rpst.: Falchion   ||    31
